 Dungeon Sprint DCSS version 0.24.1-4-ge52af88ad5 (webtiles) character file.

Game seed: 16320583421805600151, levelgen mode: deterministic

214 nicanaca0 the Archer (level 5, -7/46 HPs)
             Began as a Centaur Hunter on Apr 19, 2020.
             Was an Initiate of Okawaru.
             Mangled by a queen bee (shapeshifter) (9 damage)
             ... in the Dungeon (Sprint IX: "|||||||||||||||||||||||||||||").
             The game lasted 00:03:22 (323 turns).

nicanaca0 the Archer (Centaur Hunter)                Turns: 323, Time: 00:03:22

Health: -7/46      AC:  5    Str: 15    XL:     5   Next: 60%
Magic:  5/5        EV: 10    Int: 16    God:    Okawaru [......]
Gold:   0          SH:  0    Dex: 10    Spells: 4/4 levels left

rFire    . . .     SeeInvis .   c - +1 shortbow
rCold    . . .     Gourm    .   (shield currently unavailable)
rNeg     . . .     Faith    .   f - +0 leather armour
rPois    .         Spirit   .   (no helmet)
rElec    .         Reflect  .   Q - +0 cloak
rCorr    .         Harm     .   (no gloves)
MR       .....     NoTele   +   (no barding)
Stlth    ..........             (no amulet)
HPRegen  0.15/turn              I - +3 ring of intelligence
MPRegen  0.09/turn              O - +3 ring of intelligence

@: confused, lethally poisoned (-7 -> -17), very slightly contaminated, very
quick
A: large, hooves 3, deformed body, speed 2, tough skin 3
a: Renounce Religion


You were in the Dungeon.
You worshipped Okawaru.
Okawaru was noncommittal.
You were not hungry.

You visited 1 branch

Inventory:

Hand Weapons
 a - a +0 short sword
 b - a +0 dagger
   (You took it off a kobold in the Dungeon)
 c - a +1 shortbow (weapon)
 d - a +0 flail
   (You took it off a gnoll in the Dungeon)
Missiles
 h - 10 arrows (quivered)
Armour
 f - a +0 leather armour (worn)
 Q - a +0 cloak (worn)
   (You found it in the Dungeon)
 W - a +0 pair of boots
   (You found it in the Dungeon)
Jewellery
 I - a +3 ring of intelligence (left hand)
   (You found it in the Dungeon)
 O - a +3 ring of intelligence (right hand)
   (You found it in the Dungeon)
Wands
 C - a wand of iceblast (10)
   (You found it in the Dungeon)
Scrolls
 k - 2 scrolls of blinking {@r3!r}
 m - 3 scrolls of remove curse {@r2}
Potions
 g - 3 potions of heal wounds
 i - 4 potions of magic
 j - a potion of berserk rage {!q}
 P - 5 potions of curing {@q1}
Comestibles
 e - 5 chunks of flesh {@e0}
 w - a ration


   Skills:
 + Level 4.3 Fighting
 * Level 13.7 Bows
 + Level 3.2 Dodging
 - Level 0.4 Stealth


You had 4 spell levels left.
You didn't know any spells.
Your spell library was empty.

Dungeon Overview and Level Annotations

Branches:
Dungeon (1/1)

Altars:
Cheibriados
Dithmenos
Elyvilon
Fedhas
Gozag
Hepliaklqana
Kikubaaqudgha
Makhleb
Nemelex Xobeh
Okawaru
Qazlal
Ru
Sif Muna
Trog
Uskayaw
Vehumet
Wu Jian
Xom
Yredelemnul
Zin
The Shining One
Beogh
Jiyva
Lugonu


Innate Abilities, Weirdness & Mutations

You have hooves in place of feet.
Armour fits poorly on your strangely shaped body.
You cover ground very quickly.
You have extremely tough skin. (AC +3)


Message History

The scorpion stings you.
You are very lightly contaminated with residual magic.
You should not fight recklessly!
You should not fight recklessly!
The troll changes into a golden eye!
You should not fight recklessly!
Firing (i - inventory)
h - 18 arrows (quivered)
Aim: a scorpion You shoot an arrow.
The arrow barely misses the scorpion.
The arrow barely misses the hornet.
The arrow misses the golden eye.
The arrow barely misses the centaur warrior.
Firing (i - inventory)
h - 17 arrows (quivered)
Aim: a scorpion You shoot an arrow.
The arrow hits the scorpion.
The golden eye blinks at you. The scorpion stings you!
Firing (i - inventory)
h - 16 arrows (quivered)
Aim: a scorpion (lightly wounded)
You shoot an arrow. The arrow hits the scorpion.
Firing (i - inventory)
h - 15 arrows (quivered)
Aim: a scorpion (heavily wounded)
You shoot an arrow. The arrow hits the scorpion.
The golden eye blinks at you.
You are confused.
The scorpion closely misses you.
You are too confused!
You are too confused!
You are too confused!
You are too confused!
Firing (i - inventory)
h - 14 arrows (quivered)
You shoot an arrow. The golden eye blinks at you.
You are more confused.
Firing (i - inventory)
h - 13 arrows (quivered)
You shoot an arrow. The scorpion barely misses you.
Some of the chunks of flesh in your inventory have rotted away.
Firing (i - inventory)
h - 12 arrows (quivered)
You shoot an arrow. The scorpion stings you!
Firing (i - inventory)
h - 11 arrows (quivered)
You shoot an arrow. The hornet changes into a black mamba!
You are too confused!
The golden eye blinks at you.
You are more confused.
The scorpion stings you.
You are poisoned.
The scorpion poisons you!
You feel sick. The golden eye blinks at you. The scorpion closely misses you.
The golden eye blinks at you.
You are more confused.
You bump into the unnaturally hard rock wall.
You flicker for a moment.
You feel sick. The scorpion closely misses you.
Char dumped successfully.
You bump into the unnaturally hard rock wall.
The scorpion stings you.
* * * LOW HITPOINT WARNING * * *
Unknown command.
You bump into the unnaturally hard rock wall.
The scorpion misses you. The golden eye blinks at you.
You're too confused to move!
You feel sick. The scorpion barely misses you. The golden eye blinks at you.
You are more confused.
You bump into the unnaturally hard rock wall.
The scorpion misses you.
You clumsily bash the scorpion but do no damage.
Your kick misses the scorpion.
You flicker back into view.
You feel sick.
The golden eye blinks!
The scorpion misses you. The golden eye blinks at you.
You are more confused.
The scorpion stings you!
* * * LOW HITPOINT WARNING * * *
You're too confused to move!
The golden eye blinks!
The scorpion stings you but does no damage.
You bump into the unnaturally hard rock wall.
The scorpion barely misses you.
You completely miss the golden eye.
You feel sick. The golden eye blinks at you.
You are more confused.
The scorpion stings you.
* * * LOW HITPOINT WARNING * * *
The golden eye turns its gaze towards you.
The golden eye blinks!
You see here an arrow.
Unknown command.
You bump into the unnaturally hard rock wall.
The golden eye changes into a queen bee!
The scorpion stings you.
* * * LOW HITPOINT WARNING * * *
You are lethally poisoned!
The scorpion poisons you!
You closely miss the queen bee. You kick the queen bee.
* * * LOW HITPOINT WARNING * * *
You feel sick. The scorpion barely misses you. The queen bee stings you!
You die... ▓▓▓▓▓▓▓▓▓▓▓▓▓▓▓▓▓▓▓▓▓▓▓▓▓▓▓▓ ____'.?|).÷[..'ycsSclZ..(.lZ ▓▓▓▓▓▓▓▓▓▓▓▓▓▓▓▓▓▓▓▓▓▓▓▓▓▓▓▓

You could see a centaur warrior, a black mamba shaped shifter, a queen bee shaped shifter, a scorpion, an iguana and a jackal zombie.

Vanquished Creatures
  3 hounds (D)
  A jelly (D)
  An iguana (D)
  2 worker ants (D)
  A gnoll (D)
  An adder (D)
  A bat skeleton (D)
  A hobgoblin (D)
  A frilled lizard (D)
  2 goblins (D)
  A kobold (D)
  A leopard gecko zombie (D)
16 creatures vanquished.

Notes
Turn   | Place    | Note
-------+----------+-------------------------------------------
     0 | D        | nicanaca0 the Centaur Hunter began the quest for the Orb.
     0 | D        | Reached XP level 1. HP: 17/17 MP: 1/1
     5 | D        | Reached skill level 6 in Bows
     8 | D        | Reached skill level 7 in Bows
    44 | D        | Noticed a worker ant
    44 | D        | Noticed a jelly
    44 | D        | Noticed a worker ant
    46 | D        | Killed a worker ant
    46 | D        | Reached skill level 9 in Bows
    46 | D        | Reached XP level 2. HP: 24/24 MP: 2/2
    63 | D        | Reached skill level 10 in Bows
    63 | D        | Reached XP level 3. HP: 29/29 MP: 3/3
    66 | D        | Reached skill level 11 in Bows
    66 | D        | Reached XP level 4. HP: 36/36 MP: 4/4
    71 | D        | Reached skill level 12 in Bows
   103 | D        | Found a roughly hewn altar of Beogh.
   103 | D        | Found a snail-covered altar of Cheibriados.
   103 | D        | Found a shadowy altar of Dithmenos.
   103 | D        | Found a white marble altar of Elyvilon.
   103 | D        | Found a blossoming altar of Fedhas.
   103 | D        | Found an opulent altar of Gozag.
   104 | D        | Found a hazy altar of Hepliaklqana.
   105 | D        | Found a viscous altar of Jiyva.
   106 | D        | Found an ancient bone altar of Kikubaaqudgha.
   107 | D        | Found a corrupted altar of Lugonu.
   108 | D        | Found a burning altar of Makhleb.
   109 | D        | Found a sparkling altar of Nemelex Xobeh.
   110 | D        | Found an iron altar of Okawaru.
   111 | D        | Found a stormy altar of Qazlal.
   112 | D        | Found a sacrificial altar of Ru.
   113 | D        | Found a shimmering blue altar of Sif Muna.
   114 | D        | Found a bloodstained altar of Trog.
   115 | D        | Found a hide-covered altar of Uskayaw.
   116 | D        | Found a radiant altar of Vehumet.
   117 | D        | Found an ornate altar of the Wu Jian Council.
   118 | D        | Found a shimmering altar of Xom.
   119 | D        | Found a basalt altar of Yredelemnul.
   120 | D        | Found a glowing silver altar of Zin.
   121 | D        | Found a glowing golden altar of the Shining One.
   140 | D        | Became a worshipper of Warmaster Okawaru
   227 | D        | Reached skill level 3 in Fighting
   227 | D        | Reached skill level 13 in Bows
   227 | D        | Reached skill level 2 in Dodging
   227 | D        | Reached XP level 5. HP: 39/45 MP: 5/5
   233 | D        | Reached skill level 4 in Fighting
   233 | D        | Reached skill level 3 in Dodging
   297 | D        | Noticed a hornet
   297 | D        | Noticed a troll
   297 | D        | Noticed a centaur warrior
   301 | D        | Noticed a golden eye
   301 | D        | a troll changed into a golden eye
   309 | D        | Noticed a black mamba
   309 | D        | a hornet changed into a black mamba
   317 | D        | HP: 8/46 [scorpion (9)]
   322 | D        | Noticed a queen bee
   322 | D        | a golden eye changed into a queen bee
   322 | D        | HP: 4/46 [scorpion (2)]
   323 | D        | Mangled by a queen bee (shapeshifter)

Levels and vault maps discovered:
D:        linesprint [early_d, line_temple, items_1, d_10, items_2, lair_1,
          lair_end, items_3, orc_1, orc_end, items_4, d_15, swamp_1, shoals_1,
          snake_1, spider_1, d_20, vaults_1, items_5, swamp_end, shoals_end,
          snake_end, spider_end, vaults_end, d_27, items_6, zot_1, zot_end,
          crypt_end, forest_end, elf_end, slime_end, tomb_end, abyss_end,
          pan_hell_end]

Skill      XL: |  1  2  3  4  5 |
---------------+----------------+-----
Bows           | 9 10 11 13 | 13.7
Fighting       | 3 4 |  4.3
Dodging        | 2 3 |  3.2
Stealth        | |  0.4

Action                   |  1- 3 |  4- 6 || total
-------------------------+-------+-------++-------
Melee: Shortbow          |       |     3 ||     3
       Kick              |       |     1 ||     1
 Fire: Shortbow          |    18 |    31 ||    49
  Use: Potion            |     1 |     1 ||     2
Armor: Leather armour    |     2 |     3 ||     5
Dodge: Dodged            |     2 |    14 ||    16

Levels and vault maps discovered:
D:        linesprint [early_d, line_temple, items_1, d_10, items_2, lair_1,
          lair_end, items_3, orc_1, orc_end, items_4, d_15, swamp_1, shoals_1,
          snake_1, spider_1, d_20, vaults_1, items_5, swamp_end, shoals_end,
          snake_end, spider_end, vaults_end, d_27, items_6, zot_1, zot_end,
          crypt_end, forest_end, elf_end, slime_end, tomb_end, abyss_end,
          pan_hell_end]

Table legend:
 A = Turns spent in this place as a percentage of turns spent in the entire game.
 B = Non-inter-level travel turns spent in this place as a percentage of non-inter-level travel turns spent in the entire game.
 C = Inter-level travel turns spent in this place as a percentage of turns spent in this place.
 D = Turns resting spent in this place as a percentage of non-inter-level travel turns spent in this place.
 E = Turns spent auto-exploring this place as a percentage of non-inter-level travel turns spent in this place.
 F = Non-inter-level travel turns spent in this place divided by the number of levels of this place that you've seen.
                   A       B       C       D       E      F
               +-------+-------+-------+-------+-------+----------------------
         Total | 100.0 | 100.0 |   1.5 |   0.0 |  26.4 | 318.0
       Dungeon | 100.0 | 100.0 |   1.5 |   0.0 |  26.4 | 318.0
               +-------+-------+-------+-------+-------+----------------------

Table legend:
 A = Kills in this place as a percentage of kills in entire the game.
 B = Kills by you in this place as a percentage of kills by you in the entire game.
 C = Kills by friends in this place as a percentage of kills by friends in the entire game.
 D = Other kills in this place as a percentage of other kills in the entire game.
 E = Experience gained in this place as a percentage of experience gained in the entire game.
 F = Experience gained in this place divided by the number of levels of this place that you have seen.
                   A       B       C       D       E      F
               +-------+-------+-------+-------+-------+----------------------
         Total | 100.0 | 100.0 |   N/A |   N/A | 100.0 | 307.0
       Dungeon | 100.0 | 100.0 |   N/A |   N/A | 100.0 | 307.0
               +-------+-------+-------+-------+-------+----------------------
